 Dungeon Crawl Stone Soup version 0.24.0-125-gc4c63601f3 (webtiles) character file.

Game seed: 12291273380024213257, levelgen mode: deterministic

22289 Johnny the Grappler (level 12, -5/128 HPs)
             Began as a Troll Berserker on Feb 23, 2020.
             Was a High Priest of Trog (penitent).
             Slain by a polar bear (13 damage)
             ... created by the rage of Trog
             ... on level 1 of the Lair of Beasts.
             The game lasted 00:10:52 (9606 turns).

Johnny the Grappler (Troll Berserker)               Turns: 9606, Time: 00:10:52

Health: -5/128     AC:  8    Str: 32    XL:     12   Next: 61%
Magic:  11/11      EV: 14    Int:  3    God:    Trog [*]
Gold:   733        SH:  0    Dex:  9    Spells: 4/11 levels left

rFire    . . .     SeeInvis +     - Unarmed
rCold    . . .     Gourm    +   (no shield)
rNeg     . . .     Faith    .   O - +0 troll leather armour
rPois    .         Spirit   .   (helmet restricted)
rElec    .         Reflect  .   (no cloak)
rCorr    .         Harm     .   (gloves unavailable)
MR       +....                  (boots unavailable)
Stlth    +.........             a - amulet of regeneration
HPRegen  1.51/turn              d - ring of protection from magic
MPRegen  0.12/turn              y - ring of see invisible

@: about to teleport
A: large, unfitting armour, claws 3, fast metabolism 3, gourmand, regeneration
1, shaggy fur 1, tough skin 3
a: Renounce Religion


You were on level 1 of the Lair of Beasts.
You worshipped Trog.
Trog was demanding penance.
You were not hungry.

You visited 3 branches of the dungeon, and saw 15 of its levels.

You collected 733 gold pieces.

Inventory:

Missiles
 L - a throwing net (quivered)
Armour
 o - a +2 robe of cold resistance
 N - the cursed +0 robe of Supple Strength {rC+ Str+3, unknown}
   (You found it on level 11 of the Dungeon)

   It affects your strength (+3).
   It protects you from cold.
   It has a curse placed upon it.
 O - a +0 troll leather armour (worn)
Jewellery
 a - an amulet of regeneration (around neck)
 d - a ring of protection from magic (left claw)
 w - an uncursed amulet of rage
 y - a ring of see invisible (right claw)
 C - an uncursed ring of protection from cold {unknown}
 H - an uncursed ring of magical power {unknown}
Wands
 i - a wand of acid (4)
 x - a wand of polymorph (9)
 B - a wand of digging (5)
 J - a wand of random effects (29)
 M - a wand of flame (7)
 Q - a wand of disintegration (12)
Scrolls
 c - a scroll of amnesia {unknown}
 f - 3 scrolls of fog
 h - 2 scrolls of magic mapping {unknown}
 k - 7 scrolls of remove curse
 m - 4 scrolls of fear
 p - 3 scrolls of enchant armour {unknown}
 q - 4 scrolls of teleportation
 r - 2 scrolls of noise {unknown}
 u - 2 scrolls of blinking {unknown}
 v - 4 scrolls of immolation {unknown}
 D - a scroll of random uselessness {unknown}
 E - a scroll of identify
 F - a scroll of enchant weapon {unknown}
 G - a scroll of holy word {unknown}
Potions
 e - 2 potions of heal wounds
 g - 3 potions of haste
 j - 3 potions of berserk rage
 l - a potion of cancellation
 n - 4 potions of mutation
 s - 4 potions of brilliance {unknown}
 t - 2 potions of agility {unknown}
 z - 3 potions of ambrosia {unknown}
 A - a potion of magic {unknown}
 I - 4 potions of curing
 K - 2 potions of resistance {unknown}
 P - a potion of invisibility {unknown}
Comestibles
 b - 33 rations


   Skills:
 + Level 10.7 Fighting
 + Level 10.7 Dodging
 + Level 12.5 Unarmed Combat


You had 4 spell levels left.
You knew the following spells:

 Your Spells              Type           Power        Failure   Level  Hunger
a - Blink                 Tloc           N/A          71%         2    ###....
b - Blade Hands           Tmut           #.........   100%        5    ######.

Your spell library contained the following spells:

 Spells                   Type           Power        Failure   Level  Hunger
 Beastly Appendage        Tmut           #.....       56%         1    ##.....
 Magic Dart               Conj           #...         56%         1    ##.....
 Call Imp                 Summ           #.......     71%         2    ###....
 Slow                     Hex            #.......     71%         2    ###....
 Sticks to Snakes         Tmut           #.......     71%         2    ###....
 Conjure Flame            Conj/Fire      #.......     90%         3    ####...
 Mephitic Cloud           Conj/Pois/Air  #.......     90%         3    ####...
 Spider Form              Tmut/Pois      #.........   90%         3    ####...
 Ice Form                 Ice/Tmut       #.......     100%        4    #####..


Dungeon Overview and Level Annotations

Branches:
Dungeon (13/15)            Temple (1/1) D:6            Lair (1/6) D:9
    Orc (0/2) D:12
 Vaults: D:13-14

Altars:
Ashenzari
Cheibriados
Dithmenos
Elyvilon
Fedhas
Gozag
Hepliaklqana
Kikubaaqudgha
Makhleb
Nemelex Xobeh
Okawaru
Qazlal
Ru
Sif Muna
Trog
Uskayaw
Vehumet
Wu Jian
Xom
Yredelemnul
Zin
The Shining One

Shops:
D:8 [


Innate Abilities, Weirdness & Mutations

You are too large for most types of armour.
You have claws for hands.
Your metabolism is lightning-fast.
You like to eat raw meat.
Your natural rate of healing is unusually fast.
You are covered in fur. (AC +1)
You have extremely tough skin. (AC +3)


Message History

Unknown command.
Unknown command.
You claw the two-headed ogre!
The two-headed ogre is moderately wounded.
The two-headed ogre closely misses you.
The two-headed ogre hits you with a +0 giant club.
The polar bear barely misses you. The polar bear closely misses you.
The polar bear misses you.
The two-headed ogre completely misses you.
The two-headed ogre barely misses you.
Unknown command.
Unknown command.
You scratch the two-headed ogre. Your claw misses the two-headed ogre.
The two-headed ogre is heavily wounded.
The two-headed ogre hits you with a +0 giant club!!!
* * * LOW HITPOINT WARNING * * *
The two-headed ogre hits you with a +0 giant club!!
* * * LOW HITPOINT WARNING * * *
The polar bear bites you!
You die...

### ###
########.####@########
#...........OhOh......
#............hO.......
#.....................
#.[.#####...########..
##...# #...# . #....#
#...# ##..)# #...#
#...# #...#


You could see 2 two-headed ogres, 2 polar bears, a black bear (berserk) and an
ogre (berserk).

Vanquished Creatures
  Rupert (D:12)
  The ghost of Jatjacob the Carver, a journeyman MiBe of Trog (D:10)
  A death knight (D:11)
  A centaur warrior (D:12)
  3 two-headed ogres
  An unseen horror (D:12)
  Pikel (D:6)
  2 ugly things
  A cyclops (D:12)
  A manticore (D:11)
  Maurice (D:12)
  3 centaur skeletons
  The ghost of cada the Chopper, a novice FoFi of Okawaru (D:5)
  Psyche (D:8)
  A kobold demonologist (D:11)
  A merfolk (D:9)
  6 trolls
  Grinder (D:3)
  4 hippogriffs
  Sigmund (D:2)
  A wraith (D:10)
  A wyvern (D:9)
  9 yaks (D:11)
  Eustachio (D:4)
  A vampire mosquito (D:11)
  2 hungry ghosts
  Edmund (D:5)
  An acid dragon (D:10)
  A swamp drake (D:9)
  6 sky beasts
  6 orc warriors
  3 ice beasts
  A black bear (D:7)
  A slave (D:6)
  A necrophage (D:6)
  2 wolves
  3 phantoms
  3 ogres
  2 crocodiles
  4 centaurs
  3 big kobolds
  7 bullfrogs
  A wyvern skeleton (D:11)
  2 scorpions
  9 killer bees
  2 vampire bats (D:7)
  7 wights
  8 howler monkeys
  2 electric eels (D:9)
  6 crimson imps
  3 jellies
  A quasit (D:12)
  2 centaur zombies
  10 orc wizards
  9 hounds
  6 orc priests
  2 bullfrog skeletons
  5 iguanas
  Jessica (D:3)
  A gnoll shaman (D:7)
  Terence (D:3)
  9 worker ants
  A hound skeleton (D:7)
  A worker ant zombie (D:11)
  9 adders
  5 gnolls (D:7)
  2 shadow imps
  4 adder skeletons
  4 adder zombies
  2 worms
  3 dart slugs (D:1)
  3 leopard geckos
  39 orcs
  A bat skeleton (D:7)
  4 bat zombies (D:7)
  4 giant cockroaches
  8 goblins
  5 hobgoblins
  7 jackals
  3 quokkas
  9 bats
  3 frilled lizards
  A jackal zombie (D:8)
  25 kobolds
  2 leopard gecko skeletons
  3 rats
328 creatures vanquished.

Vanquished Creatures (collateral kills)
  A centaur (D:11)
  A bullfrog (D:11)
  4 killer bees (D:11)
6 creatures vanquished.

Vanquished Creatures (others)
  A centaur (D:11)
  2 wights (D:6)
  A bullfrog zombie (D:6)
  A quokka (D:6)
5 creatures vanquished.

Grand Total: 339 creatures vanquished

Notes
Turn   | Place    | Note
-------+----------+-------------------------------------------
     0 | D:1      | Johnny the Troll Berserker began the quest for the Orb.
     0 | D:1      | Reached XP level 1. HP: 22/22 MP: 0/0
   173 | D:1      | Reached XP level 2. HP: 27/29 MP: 1/1
   406 | D:2      | Noticed a crimson imp
   411 | D:2      | Killed a crimson imp
   411 | D:2      | Reached XP level 3. HP: 31/37 MP: 2/2
   414 | D:2      | Reached XP level 4. HP: 30/45 MP: 3/3
   541 | D:2      | Reached ** piety under Trog
   609 | D:2      | Noticed Sigmund
   615 | D:2      | Killed Sigmund
   615 | D:2      | Reached skill level 4 in Unarmed Combat
   615 | D:2      | Reached XP level 5. HP: 46/54 MP: 4/4
   867 | D:3      | Noticed Grinder
   885 | D:3      | Killed Grinder
   885 | D:3      | Reached skill level 5 in Unarmed Combat
   885 | D:3      | Reached XP level 6. HP: 37/62 MP: 5/5
   922 | D:3      | Noticed Jessica
   931 | D:3      | Killed Jessica
  1354 | D:3      | Found a basalt altar of Yredelemnul.
  1460 | D:3      | Noticed Terence
  1467 | D:3      | Killed Terence
  1467 | D:3      | Reached XP level 7. HP: 70/70 MP: 6/6
  1929 | D:4      | Noticed Eustachio
  1949 | D:4      | Killed Eustachio
  1994 | D:4      | Found a shadowy altar of Dithmenos.
  2091 | D:4      | Reached *** piety under Trog
  2414 | D:5      | Entered Level 5 of the Dungeon
  2414 | D:5      | Noticed Edmund
  2424 | D:5      | Killed Edmund
  2424 | D:5      | Reached skill level 5 in Fighting
  2424 | D:5      | Reached skill level 6 in Unarmed Combat
  2429 | D:5      | Reached skill level 5 in Dodging
  2457 | D:5      | Reached XP level 8. HP: 80/80 MP: 7/7
  2969 | D:5      | Found a hazy altar of Hepliaklqana.
  2969 | D:5      | Found a glowing golden altar of the Shining One.
  3058 | D:5      | Found a runed translucent gate.
  3059 | D:5      | Found a runed translucent gate.
  3059 | D:5      | Identified the +8 dagger of Duty {pain, rC+ rN++ Int-3
                  | Stlth+}
  3059 | D:5      | Noticed cada's ghost (novice FoFi)
  3060 | D:5      | Found a runed translucent gate.
  3094 | D:5      | Killed cada's ghost
  3094 | D:5      | Reached skill level 7 in Unarmed Combat
  3106 | D:5      | Reached **** piety under Trog
  3192 | D:6      | Found a staircase to the Ecumenical Temple.
  3295 | D:6      | Reached XP level 9. HP: 89/89 MP: 8/8
  3495 | D:6      | Noticed Pikel
  3504 | D:6      | Killed Pikel
  3504 | D:6      | Reached skill level 8 in Unarmed Combat
  3962 | Temple   | Entered the Ecumenical Temple
  4448 | D:7      | Reached ***** piety under Trog
  4462 | D:7      | Found an ancient bone altar of Kikubaaqudgha.
  4652 | D:8      | Noticed a two-headed ogre
  4659 | D:8      | Killed a two-headed ogre
  4659 | D:8      | Reached skill level 9 in Unarmed Combat
  4659 | D:8      | Reached XP level 10. HP: 102/102 MP: 9/9
  4858 | D:8      | Found a white marble altar of Elyvilon.
  4944 | D:8      | Found Xavyar's Armour Boutique.
  5220 | D:8      | Found a snail-covered altar of Cheibriados.
  5363 | D:8      | Noticed Psyche
  5370 | D:8      | Killed Psyche
  5729 | D:9      | Found a staircase to the Lair.
  5737 | D:9      | Reached skill level 10 in Unarmed Combat
  6517 | D:10     | Entered Level 10 of the Dungeon
  6593 | D:10     | Noticed a two-headed ogre
  6595 | D:10     | Noticed Jatjacob's ghost (journeyman MiBe)
  6601 | D:10     | Reached XP level 11. HP: 113/113 MP: 10/10
  6634 | D:10     | Found a runed translucent gate.
  6634 | D:10     | Found a runed translucent gate.
  6634 | D:10     | Found a runed translucent gate.
  7431 | D:10     | Killed Jatjacob's ghost
  7440 | D:10     | Killed a two-headed ogre
  7542 | D:11     | Reached skill level 11 in Unarmed Combat
  7736 | D:11     | Reached ****** piety under Trog
  7756 | D:11     | Noticed a red ugly thing
  7770 | D:11     | Received a gift from Trog
  7776 | D:11     | Killed a red ugly thing
  8028 | D:11     | Noticed a death knight
  8045 | D:11     | Killed a death knight
  8070 | D:11     | Got a fabulously ornate robe
  8435 | D:12     | Noticed a green ugly thing
  8443 | D:12     | Killed a green ugly thing
  8443 | D:12     | Reached skill level 10 in Fighting
  8443 | D:12     | Reached XP level 12. HP: 126/126 MP: 11/11
  8482 | D:12     | Noticed a centaur warrior
  8483 | D:12     | Reached skill level 10 in Dodging
  8500 | D:12     | Killed a centaur warrior
  8545 | D:12     | Found a staircase to the Orcish Mines.
  8605 | D:12     | Reached skill level 12 in Unarmed Combat
  8654 | D:12     | Noticed Rupert
  8655 | D:12     | Paralysed by Rupert for 2 turns
  8671 | D:12     | Killed Rupert
  8782 | D:12     | Noticed a two-headed ogre
  8790 | D:12     | Killed a two-headed ogre
  8890 | D:12     | Noticed Maurice
  8893 | D:12     | Killed Maurice
  9037 | D:12     | Was placed under penance by Trog
  9040 | D:12     | Learned a level 2 spell: Blink
  9046 | D:12     | Learned a level 5 spell: Blade Hands
  9426 | D:13     | Noticed a tengu warrior
  9560 | Lair:1   | Entered Level 1 of the Lair of Beasts
  9601 | Lair:1   | Noticed a two-headed ogre
  9601 | Lair:1   | Noticed a two-headed ogre
  9606 | Lair:1   | Slain by a polar bear

Levels and vault maps discovered:
D:1:      eino_arrival_water_cross, layout_rooms, chequers_avenue
D:2:      layout_rooms, minmay_tetromino_s4, uniq_sigmund
D:3:      layout_loops_corners, yredelemnul_altar_generic,
          minmay_misc_feat_rows, uniq_grinder, uniq_jessica, uniq_terence
D:4:      layout_loops_cross, eino_tiny_chamber, kennysheep_big_empty_room,
          nicolae_dithmenos_the_darkroom, uniq_eustachio
D:5:      layout_basic, amethyst_overflow_temple_binary,
          gammafunk_ghost_nasty_kobolds, first_ration, uniq_edmund
D:6:      layout_gridville, minmay_temple_entry_statues_pillars, uniq_pikel
D:7:      layout_rooms, kennysheep_vampire_church
D:8:      minmay_general_purpose_star, layout_basic, elyvilon_altar_5,
          nicolae_overflow_crystal_walls, serial_shops, shop, uniq_psyche
D:9:      layout_cave_pods, erik_lair_island, hangedman_fish_farm,
          lemuel_old_faithful
D:10:     layout_basic, gammafunk_ghost_split, minmay_misc_feat_pillars
D:11:     minmay_cornered_nines, layout_cave_pools
D:12:     layout_stronghold, erik_orc_4, uniq_rupert, uniq_maurice
D:13:     layout_basic, hangedman_vaults_entry_quadrant_bands, kb_tengu_band
Temple:   eino_temple_rhombus
Lair:1:   layout_long_grid, uniq_joseph

Skill      XL: |  1  2  3  4  5  6  7  8  9 10 11 12 |
---------------+-------------------------------------+-----
Fighting       | 3 4 5 6 7 8 10 | 10.7
Dodging        | 3 4 5 6 7 8 9 10 | 10.7
Unarmed Combat | 4 5 6 7 9 10 11 12 | 12.5

Action                   |  1- 3 |  4- 6 |  7- 9 | 10-12 || total
-------------------------+-------+-------+-------+-------++-------
Melee: Unarmed           |    42 |    93 |   322 |   536 ||   993
       Punch             |       |     2 |    10 |    28 ||    40
Invok: Berserk           |       |     1 |     4 |     6 ||    11
       Brothers in Arms  |       |       |       |     1 ||     1
       Trog's Hand       |       |       |       |     2 ||     2
Evoke: Wand              |       |       |       |    11 ||    11
  Use: Scroll            |       |       |     1 |     9 ||    10
       Potion            |       |       |       |     1 ||     1
 Stab: Sleeping          |       |     1 |       |       ||     1
  Eat: Chunk             |       |    17 |    35 |    56 ||   108
Armor: Animal skin       |    23 |    25 |       |       ||    48
       Robe              |       |    12 |   109 |    47 ||   168
       Troll leather arm |       |       |       |    98 ||    98
Dodge: Dodged            |    28 |    41 |   174 |   368 ||   611
